Map: Terrasses de Prion

Players

Miniraser

  • Race: Zerg Zerg
  • League: Grandmaster

Imotep - Winner!

  • Race: Protoss Protoss
  • League: Master

VOD

Have the link to the VOD?

Description

Time

  • Played on: Dec. 28, 2015, 10:15 a.m.
  • Length: 15:53
Show
View Real Time Build Order
Export as new Build Order

Miniraser Zerg 

Build Orders: 3 Hatch before Pool 

Get SALT Encoding   

  12  0:01  Drone  
  13  0:13  Overlord  
  13  0:19  Drone  
  14  0:31  Drone x2  
  14  0:35  Drone  
  17  0:53  Hatchery  
  17  0:56  Drone  
  17  1:00  Drone  
  18  1:22  Hatchery  
  18  1:24  Drone  
  18  1:38  Spawning Pool  
  17  1:40  Drone  
  17  1:43  Drone  
  17  1:46  Drone  
  20  1:51  Drone  
  21  2:03  Drone  
  21  2:07  Drone  
  23  2:17  Drone x2  
  25  2:24  Queen  
  25  2:25  Overlord  
  25  2:28  Extractor, Queen  
  29  2:35  Queen  
  32  2:37  Drone x2  
  32  2:38  Drone  
  34  2:45  Overlord  
  34  2:46  Drone  
  34  2:47  Drone  
  34  2:50  Drone  
  37  2:59  Drone x3  
  37  3:01  Queen  
  42  3:06  Overlord  
  42  3:11  Queen  
  44  3:13  Drone  
  44  3:19  Drone  
  46  3:20  Zergling x4  
  46  3:21  Zergling x2  
  49  3:27  Drone  
  49  3:30  Extractor  
  49  3:31  Extractor, Overlord  
  48  3:38  Overlord  
  48  3:41  Drone x7  
  55  3:45  Overlord  
  55  3:48  Spore Crawler  
  55  3:49  Spore Crawler  
  55  3:50  Spore Crawler  
  55  3:51  Drone x3  
  55  3:55  Drone x2  
  57  4:00  Drone  
  57  4:01  Drone  
  59  4:12  Drone x5  
  63  4:17  Overlord  
  63  4:21  Drone x7  
  70  4:25  Extractor  
  70  4:26  Extractor  
  70  4:27  Metabolic Boost  
  68  4:33  Drone x3  
  71  4:40  Lair  
  71  4:41  Extractor  
  71  4:42  Extractor  
  71  4:44  Drone  
  71  4:45  Overlord  
  70  4:46  Evolution Chamber  
  70  4:48  Drone  
  70  4:51  Overlord  
  70  4:53  Hatchery, Drone  
  70  4:54  Drone  
  70  4:59  Overlord  
  71  5:00  Drone x3  
  71  5:01  Overlord  
  71  5:05  Zergling x8  
  71  5:06  Roach Warren  
  75  5:11  Zerg Missile Weapons Level 1  
  75  5:17  Hatchery  
  74  5:23  Drone x2  
  76  5:37  Overlord  
  76  5:40  Drone  
  76  5:41  Hydralisk Den  
  76  5:43  Overseer  
  76  5:46  Glial Reconstitution  
  76  5:47  Roach  
  76  5:48  Roach x9  
  96  6:00  Queen  
  96  6:02  Overlord  
  98  6:09  Overlord  
  97  6:11  Overlord  
  97  6:14  Muscular Augments  
  97  6:15  Drone x6  
  103  6:18  Overlord  
  103  6:19  Hydralisk x4  
  103  6:23  Queen  
  113  6:29  Queen  
  118  6:32  Drone x3  
  118  6:33  Drone x2, Hydralisk x4  
  126  6:48  Hydralisk x8  
  126  6:49  Extractor  
  126  6:52  Pneumatized Carapace  
  126  6:54  Overseer  
  141  6:56  Drone, Infestation Pit  
  141  7:08  Zerg Missile Weapons Level 2  
  141  7:15  Hydralisk x5  
  143  7:17  Overlord x3  
  143  7:21  Overlord  
  143  7:22  Queen x2  
  147  7:29  Extractor  
  148  7:36  Hive  
  146  7:37  Pathogen Glands, Queen  
  146  7:39  Roach x5  
  146  7:42  Zergling x12  
  164  7:45  Drone  
  145  8:08  Hydralisk x11  
  151  8:18  Hydralisk x3  
  130  8:28  Queen x2  
  119  8:39  Hydralisk  
  119  8:40  Hydralisk x8  
  133  8:42  Zergling x16  
  133  8:43  Zergling x6  
  142  8:52  Zergling x10  
  147  8:58  Queen x3  
  153  9:03  Hatchery  
  153  9:06  Viper x2  
  158  9:10  Queen x2  
  158  9:16  Overseer  
  151  9:34  Queen  
  131  9:38  Hydralisk  
  131  9:39  Hydralisk x13  
  131  9:43  Queen  
  136  10:03  Hydralisk x10  
  136  10:05  Zergling x2  
  136  10:06  Zergling x4  
  159  10:16  Overseer  
  159  10:17  Zerg Missile Weapons Level 3  
  159  10:26  Zergling x10  
  159  10:27  Zergling x10  
  159  10:28  Overlord  
  169  10:30  Spire  
  151  10:55  Hydralisk x11  
  151  10:56  Hydralisk x2  
  117  11:18  Zergling x8  
  117  11:19  Zergling x24  
  122  11:26  Viper x3  
  129  11:38  Queen  
  131  11:44  Zerg Flyer Weapons Level 1  
  131  11:45  Hatchery  
  130  11:50  Hydralisk  
  130  11:51  Hydralisk x8  
  148  12:02  Hydralisk x6  
  148  12:07  Overseer  
  160  12:20  Hydralisk x7  
  153  12:40  Corruptor x5  
  110  13:06  Corruptor  
  110  13:07  Corruptor x5  
  110  13:08  Queen  
  110  13:09  Queen  
  110  13:19  Corruptor x2  
  107  13:33  Corruptor x3  
  109  13:35  Drone x4  
  112  13:47  Corruptor x2  
  114  13:52  Drone x4  
  114  13:53  Drone x3  
  121  14:04  Viper  
  124  14:12  Hatchery  
  123  14:20  Roach x2  
  123  14:21  Roach x3  
  130  14:26  Viper  
  125  14:41  Corruptor x3  
  125  14:44  Queen  
Show
View Real Time Build Order
Export as new Build Order

Imotep Protoss - Winner!

Build Orders: Nexus First, Oracle Opening 

Get SALT Encoding   

  12  0:01  Probe (Chrono Boost)  
  13  0:11  Probe (Chrono Boost)  
  14  0:21  Pylon  
  14  0:22  Probe (Chrono Boost)  
  15  0:39  Probe (Chrono Boost)  
  16  0:50  Probe (Chrono Boost)  
  17  0:57  Nexus  
  17  1:01  Probe (Chrono Boost)  
  18  1:11  Gateway  
  18  1:14  Probe (Chrono Boost)  
  19  1:21  Assimilator  
  19  1:25  Probe (Chrono Boost)  
  20  1:27  Assimilator  
  20  1:34  Pylon  
  20  1:37  Probe (Chrono Boost)  
  21  1:47  Probe (Chrono Boost)  
  22  1:58  Probe (Chrono Boost)  
  22  2:00  Cybernetics Core  
  24  2:08  Probe (Chrono Boost)  
  24  2:12  Probe (Chrono Boost)  
  25  2:19  Probe (Chrono Boost)  
  25  2:22  Probe (Chrono Boost)  
  27  2:29  Probe (Chrono Boost)  
  28  2:32  Probe (Chrono Boost)  
  29  2:37  Stalker (Chrono Boost)  
  29  2:38  Warp Gate  
  29  2:40  Probe  
  29  2:41  Probe  
  29  2:43  Stargate  
  33  2:52  Probe x2 (Chrono Boost)  
  35  3:04  Probe (Chrono Boost)  
  36  3:06  Probe (Chrono Boost)  
  36  3:08  Nexus  
  37  3:15  Probe (Chrono Boost)  
  37  3:17  Adept, Probe (Chrono Boost)  
  41  3:22  Pylon  
  41  3:24  Probe (Chrono Boost)  
  42  3:27  Oracle (Chrono Boost)  
  42  3:31  Probe  
  46  3:39  Probe  
  47  3:41  Gateway  
  47  3:44  Probe  
  48  3:49  Probe  
  48  3:55  Assimilator  
  49  3:56  Probe, Assimilator  
  49  3:59  Oracle (Chrono Boost)  
  49  4:00  Probe  
  54  4:16  Pylon  
  54  4:18  Pylon, Probe  
  54  4:20  Probe  
  56  4:24  Probe  
  56  4:29  Probe  
  56  4:30  Stargate  
  58  4:32  Probe, Stargate  
  58  4:35  Probe  
  60  4:40  Probe  
  60  4:44  Probe  
  62  4:45  Probe  
  62  4:49  Nexus, Mothership Core  
  62  4:50  Pylon  
  65  4:56  Probe  
  65  4:58  Void Ray (Chrono Boost)  
  70  5:07  Probe  
  70  5:08  Protoss Air Weapons Level 1, Probe  
  70  5:13  Pylon  
  72  5:14  Pylon  
  72  5:17  Probe  
  77  5:28  Probe x2  
  77  5:29  Probe  
  80  5:38  Void Ray (Chrono Boost), Probe  
  80  5:41  Fleet Beacon  
  81  5:49  Probe  
  85  5:50  Void Ray (Chrono Boost), Assimilator  
  85  5:54  Assimilator  
  86  5:58  Forge  
  86  5:59  Probe x3  
  86  6:01  Pylon  
  86  6:02  Probe  
  94  6:08  Void Ray (Chrono Boost)  
  94  6:10  Probe  
  94  6:11  Probe x2  
  94  6:13  Probe  
  98  6:20  Probe  
  103  6:31  Probe  
  104  6:36  Gateway x2  
  104  6:37  Protoss Ground Weapons Level 1  
  104  6:39  Gateway, Tempest (Chrono Boost)  
  104  6:40  Tempest (Chrono Boost)  
  104  6:41  Probe  
  104  6:42  Gateway  
  104  6:44  Gateway  
  104  6:46  Pylon  
  109  6:48  Pylon  
  109  6:49  Assimilator  
  109  6:51  Photon Cannon x2  
  109  6:52  Probe, Assimilator  
  109  6:53  Photon Cannon  
  110  6:59  Tempest (Chrono Boost)  
  110  7:00  Protoss Air Weapons Level 2 (Chrono Boost)  
  114  7:06  Twilight Council  
  114  7:12  Probe  
  115  7:18  Adept x2  
  115  7:21  Photon Cannon  
  119  7:23  Tempest (Chrono Boost)  
  119  7:24  Probe  
  119  7:25  Photon Cannon  
  119  7:27  Photon Cannon  
  124  7:36  Tempest (Chrono Boost), Probe  
  129  7:38  Photon Cannon, Probe  
  129  7:43  Tempest (Chrono Boost)  
  134  7:48  Probe  
  134  7:50  Resonating Glaives, Probe  
  136  7:55  Adept x3  
  136  7:56  Adept x2  
  146  8:00  Probe  
  141  8:06  Adept x2  
  127  8:25  Carrier x2 (Chrono Boost)  
  124  8:36  Robotics Facility  
  124  8:37  Nexus  
  124  8:40  Carrier (Chrono Boost), Pylon  
  130  8:41  Pylon  
  130  8:42  Pylon  
  130  8:43  Pylon  
  130  8:44  Pylon, Adept  
  130  8:45  Adept x3  
  130  8:46  Adept  
  140  8:49  Protoss Ground Weapons Level 2  
  140  8:58  Graviton Catapult  
  140  9:05  Photon Cannon  
  140  9:07  Sentry x2, Photon Cannon  
  140  9:09  Photon Cannon, Adept x2  
  141  9:35  Adept x7  
  150  9:39  Carrier (Chrono Boost)  
  150  9:42  Adept x2  
  150  9:43  Carrier (Chrono Boost)  
  150  9:44  Observer  
  145  9:52  Protoss Air Weapons Level 3  
  129  9:59  Photon Cannon  
  129  10:01  Adept x4  
  129  10:02  Photon Cannon  
  129  10:03  Photon Cannon  
  129  10:07  Photon Cannon  
  137  10:08  Tempest (Chrono Boost)  
  137  10:09  Photon Cannon  
  141  10:20  Pylon  
  141  10:21  Pylon  
  141  10:32  Adept x3  
  141  10:33  Adept x2  
  151  10:38  Observer  
  151  10:39  Adept  
  151  10:40  Adept  
  155  10:44  Assimilator  
  155  10:45  Assimilator  
  155  10:46  Carrier (Chrono Boost)  
  149  10:54  Carrier (Chrono Boost), Adept  
  149  10:55  Adept  
  147  10:57  Carrier (Chrono Boost)  
  147  11:03  Adept x2  
  147  11:04  Adept x3  
  142  11:15  Adept x2  
  142  11:17  Mothership Core  
  140  11:31  Pylon  
  140  11:32  Protoss Ground Weapons Level 3  
  140  11:34  Photon Cannon  
  140  11:36  Photon Cannon  
  140  11:37  Photon Cannon  
  140  11:41  Observer  
  140  11:43  Sentry x2, Adept  
  140  11:44  Adept x2  
  151  11:49  Pylon  
  151  11:51  Photon Cannon  
  151  11:52  Photon Cannon x2  
  151  11:56  Pylon  
  151  12:01  Carrier (Chrono Boost)  
  157  12:02  Stargate  
  157  12:04  Stargate  
  157  12:07  Adept  
  157  12:08  Adept x3  
  161  12:14  Tempest (Chrono Boost)  
  163  12:32  Void Ray (Chrono Boost)  
  163  12:34  Adept  
  163  12:35  Adept x2  
  166  12:40  Observer  
  166  12:45  Photon Cannon, Adept x2  
  166  12:47  Photon Cannon  
  166  12:48  Adept  
  172  12:52  Void Ray (Chrono Boost)  
  172  12:56  Adept x3  
  181  13:05  Adept  
  171  13:10  Carrier (Chrono Boost)  
  171  13:11  Pylon, Adept x2  
  181  13:15  Observer  
  186  13:27  Void Ray (Chrono Boost)  
  186  13:30  Pylon  
  186  13:31  Void Ray (Chrono Boost)  
  188  13:36  Protoss Air Armor Level 1  
  186  13:45  Void Ray (Chrono Boost)  
  192  13:51  Void Ray (Chrono Boost)  
  192  13:56  Adept x4  
  200  14:13  Templar Archives  
  194  14:35  Zealot x2  
  194  14:36  Zealot x5  
  196  15:00  Nexus  
  194  15:02  Pylon x2  
Tags
 
Add a new tag
Caveats
  • Supply blocks, unpowered buildings, or Contaminate may cause inaccurate times.
  • Supply counts are checked every 10 seconds.